 Dungeon Crawl Stone Soup version 0.27-a0-291-gd9602db6ee (webtiles) character file.

Game seed: 2499606241436888924

427 puppykicker the Ruffian (level 6, -1/93 HPs)
             Began as an Ogre Transmuter on Feb 10, 2021.
             Slain by a gnoll zombie (6 damage)
             ... in an ossuary.
             The game lasted 00:16:01 (3378 turns).

puppykicker the Ruffian (Ogre Transmuter)           Turns: 3378, Time: 00:16:02

Health: -1/93      AC:  5    Str: 16    XL:     6   Next: 97%
Magic:  0/9        EV:  7    Int: 15    God:
Gold:   251        SH:  7    Dex:  9    Spells: 4/10 levels left

rFire    . . .     SeeInvis .   a - +4 short sword
rCold    . . .     Faith    .   m - +0 kite shield
rNeg     . . .     Spirit   +   d - +0 troll leather armour {regen}
rPois    .         Reflect  .   (helmet restricted)
rElec    .         Harm     .   (no cloak)
rCorr    .         Rampage  .   (gloves unavailable)
Will     +....                  (boots unavailable)
Stlth    ..........             G - amulet of guardian spirit {Spirit}
HPRegen  0.65/turn              r - ring of willpower
MPRegen  0.11/turn              (no ring)

@: berserking (expiring), wereblooded (expiring), very quick
A: large, unfitting armour, tough skin 1
a: no special abilities


You were in an ossuary.
You visited 1 branch of the dungeon, and saw 4 of its levels.
You also visited: Ossuary.

You collected 251 gold pieces.

Inventory:

Hand Weapons
 a - a +4 short sword (weapon)
Missiles
 e - 6 atropa-tipped darts
 q - 3 poisoned darts (quivered)
Armour
 d - a +0 troll leather armour (worn) {regen}
 m - a +0 kite shield (worn)
 n - a +0 tower shield
Jewellery
 r - a ring of willpower (left hand)
 G - an amulet of guardian spirit (around neck) {Spirit}
Wands
 g - a wand of mindburst (17)
Scrolls
 b - a scroll of remove curse
 f - a scroll of fog
 h - a scroll of enchant weapon
 B - 3 scrolls of blinking {!r}
Potions
 c - 2 potions of might {unknown}
 i - a potion of mutation {unknown}
 j - a potion of berserk rage {!q}
 k - 3 potions of magic {unknown}
 l - 3 potions of curing
 o - 3 potions of heal wounds
 p - a potion of cancellation


   Skills:
 + Level 3.8 Fighting
 + Level 1.6 Armour
 - Level 1.7 Dodging
 + Level 1.7 Shields
 * Level 4.7 Unarmed Combat
 - Level 2.5 Spellcasting
 + Level 3.1 Transmutations
 - Level 1.0 Poison Magic


You had 4 spell levels left.
You knew the following spells:

 Your Spells              Type           Power        Failure   Level
a - Beastly Appendage     Tmut           22%          34%         1
c - Spider Form           Tmut/Pois      4%           85%         3
w - Wereblood             Tmut           11%          47%         2

Your spell library contained the following spells:

 Spells                   Type           Power        Failure   Level
 Ice Form                 Ice/Tmut       6%           100%        4
 Blade Hands              Tmut           5%           100%        5


Dungeon Overview and Level Annotations

Branches:
Dungeon (4/15)            Ossuary (1/1)
 Temple: D:4-7

Altars:
Hepliaklqana
Okawaru
Qazlal
Vehumet
Wu Jian
The Shining One


Innate Abilities, Weirdness & Mutations

You are too large for most types of armour.
You have tough skin. (AC +1)


Message History

You are too berserk!
Unknown command.
You puncture the human zombie! The human zombie hits you.
* * * LOW HITPOINT WARNING * * *
You block the human zombie's attack. The gnoll zombie hits you.
* * * LOW HITPOINT WARNING * * *
The jackal zombie barely misses you. The goblin zombie barely misses you.
The hobgoblin zombie barely misses you.
You take 5 damage, and have 4/93 hp.
Unknown command.
You are too berserk!
Unknown command.
Sorry, you're not good enough to have a special ability.
Unknown command.
You are too berserk!
Unknown command.
You are too berserk!
Unknown command.
The gnoll zombie hits you.
You die...

................
................
#...............
#...............
................
................
.......ZZZ......
.......@∩ZZ.....
.......ZZZ......
........Z.......
................
................
#...............
#...............
................


You could see a jackal zombie, a goblin zombie, a hobgoblin zombie, 2 gnoll
zombies, an orc zombie, an elf zombie and 2 human zombies.

Levels and vault maps discovered:
D:1:      dpeg_arrival_stonehenge_8_columns, layout_basic,
          chequers_serial_rivers_micro_b
D:2:      layout_rooms, nzn_hepliaklqana_mist_gate,
          nicolae_tso_swordbearing_angel, nzn_wu_jian_contemplation
D:3:      layout_loops_ring, nicolae_overflow_hidden_temple, serial_undead,
          serial_undead_e, serial_undead_b, serial_undead_b, serial_undead_b,
          chequers_ecumenical_altar_grove, minmay_crystal_water, okawaru_trees_2
D:4:      minmay_angry_zag, layout_rooms, nicolae_qazlal_general_emergency,
          enter_ossuary_4
Ossuary:  ossuary_minmay_tomb_2a

Notes
Turn   | Place    | Note
-------+----------+-------------------------------------------
     0 | D:1      | puppykicker the Ogre Transmuter began the quest for the
                  | Orb.
     0 | D:1      | Reached XP level 1. HP: 19/19 MP: 3/3
   118 | D:1      | Reached XP level 2. HP: 23/28 MP: 3/5
   123 | D:1      | Reached skill level 2 in Transmutations
   124 | D:1      | Reached skill level 3 in Unarmed Combat
   206 | D:1      | Learned a level 2 spell: Wereblood
   273 | D:1      | Identified an uncursed amulet of guardian spirit (You found
                  | it on level 1 of the Dungeon)
   519 | D:1      | Reached skill level 2 in Fighting
   826 | D:1      | Identified a +0 club
  1076 | D:1      | Reached XP level 3. HP: 35/35 MP: 4/6
  1080 | D:1      | Learned a level 3 spell: Spider Form
  1181 | D:1      | Identified 4 scrolls of blinking
  1183 | D:1      | Identified 2 scrolls of noise
  1442 | D:2      | Identified a +0 club
  1466 | D:2      | Found a hazy altar of Hepliaklqana.
  1497 | D:2      | Identified a +0 club
  1516 | D:2      | Identified a +0 troll leather armour {regen} (You found it
                  | on level 2 of the Dungeon)
  1616 | D:2      | Identified a +0 club
  1688 | D:2      | Identified a +0 short sword
  1688 | D:2      | Identified a +0 kite shield
  1755 | D:2      | Found a glowing golden altar of the Shining One.
  1756 | D:2      | Identified a +0 dagger
  1835 | D:2      | Identified a +0 whip
  1835 | D:2      | Identified a +3 short sword
  1881 | D:2      | Found an ornate altar of the Wu Jian Council.
  1976 | D:3      | Reached XP level 4. HP: 44/44 MP: 3/7
  1998 | D:3      | Identified a +0 dagger
  1998 | D:3      | Identified a +0 scale mail
  1998 | D:3      | Identified a +0 flail
  1998 | D:3      | Identified a +0 leather armour
  2000 | D:3      | Identified a +0 club
  2006 | D:3      | Identified a +0 club
  2014 | D:3      | Identified a +0 dagger
  2014 | D:3      | Identified a +0 robe
  2060 | D:3      | Found an iron altar of Okawaru.
  2104 | D:3      | Identified 3 scrolls of identify
  2104 | D:3      | Identified 2 potions of curing
  2105 | D:3      | Identified a potion of heal wounds
  2106 | D:3      | Identified a potion of berserk rage
  2166 | D:3      | Identified a ring of willpower (You found it on level 3 of
                  | the Dungeon)
  2195 | D:3      | Reached skill level 1 in Poison Magic
  2195 | D:3      | Reached XP level 5. HP: 38/50 MP: 2/8
  2267 | D:3      | Identified a potion of cancellation
  2337 | D:3      | Identified a cursed -2 dagger
  2337 | D:3      | Identified a +0 robe
  2339 | D:3      | Identified a +0 flail
  2342 | D:3      | Identified a +1 hand axe of flaming
  2342 | D:3      | Identified a +0 chain mail
  2342 | D:3      | Identified a +0 dagger
  2342 | D:3      | Identified a +0 robe
  2358 | D:3      | Reached skill level 3 in Fighting
  2369 | D:3      | Reached skill level 1 in Armour
  2369 | D:3      | Reached skill level 1 in Shields
  2369 | D:3      | Reached skill level 4 in Unarmed Combat
  2592 | D:3      | Identified a +2 falchion of holy wrath
  2593 | D:3      | Identified a +0 flail
  2593 | D:3      | Identified a +0 scale mail
  2600 | D:3      | Identified a +0 short sword
  2602 | D:3      | Identified a +0 mace
  2602 | D:3      | Identified a +0 leather armour
  2614 | D:3      | Identified 2 potions of degeneration
  2727 | D:3      | Found a radiant altar of Vehumet.
  2809 | D:3      | Found a faded altar of an unknown god.
  2809 | D:3      | Identified a +0 club
  2890 | D:3      | Reached XP level 6. HP: 61/61 MP: 9/9
  3089 | D:4      | Identified 2 scrolls of enchant weapon
  3090 | D:4      | Identified 2 scrolls of remove curse
  3091 | D:4      | Identified 2 scrolls of fog
  3092 | D:4      | Identified a scroll of immolation
  3095 | D:4      | Found a stormy altar of Qazlal.
  3099 | D:4      | Identified a +0 dagger
  3099 | D:4      | Identified a +0 robe
  3100 | D:4      | Identified a +0 club
  3103 | D:4      | Identified a +2 flail of draining
  3105 | D:4      | Identified a +4 hand axe
  3105 | D:4      | Identified a +0 scale mail
  3217 | D:4      | Identified a +0 dagger
  3217 | D:4      | Identified a +0 robe
  3225 | D:4      | Reached skill level 3 in Transmutations
  3294 | D:4      | Identified a +0 club
  3327 | D:4      | Found a sand-covered staircase.
  3354 | Ossuary  | Entered an ossuary
  3375 | Ossuary  | HP: 22/93 [hobgoblin zombie (2)]
  3376 | Ossuary  | HP: 10/93 [gnoll zombie (2)]
  3377 | Ossuary  | HP: 4/93 [gnoll zombie (4)]
  3378 | Ossuary  | Slain by a gnoll zombie

Table legend: (Time is in decaauts)
 A = Elapsed time spent in this place.
 B = Non-inter-level travel time spent in this place.
 C = Inter-level travel time spent in this place.
 D = Time resting spent in this place.
 E = Time spent auto-exploring this place.
 F = Levels seen in this place.
 G = Mean time per level.
                   A        B        C        D        E       F      G
               +--------+--------+--------+--------+--------+-----+--------+
         Total |   3456 |   3268 |    188 |    523 |   1745 |   5 |  691.2 |
       Dungeon |   3430 |   3242 |    188 |    523 |   1745 |   4 |  857.5 |
       Ossuary |     26 |     26 |      0 |      0 |      0 |   1 |   26.0 |
               +--------+--------+--------+--------+--------+-----+--------+

Top non-repeatable levels by time:
     D:1: 1439 daAuts
     D:3: 1194 daAuts
     D:2: 500 daAuts
     D:4: 296 daAuts
 Ossuary: 26 daAuts

Table legend:
 A = Kills in this place as a percentage of kills in entire the game.
 B = Kills by you in this place as a percentage of kills by you in the entire game.
 C = Kills by friends in this place as a percentage of kills by friends in the entire game.
 D = Other kills in this place as a percentage of other kills in the entire game.
 E = Experience gained in this place as a percentage of experience gained in the entire game.
 F = Experience gained in this place divided by the number of levels of this place that you have seen.
                   A       B       C       D       E      F
               +-------+-------+-------+-------+-------+----------------------
         Total | 100.0 | 100.0 |   N/A |   N/A | 100.0 | 122.0
       Dungeon |  96.8 |  96.8 |   N/A |   N/A |  95.7 | 146.0
       Ossuary |   3.2 |   3.2 |   N/A |   N/A |   4.3 |  26.0
               +-------+-------+-------+-------+-------+----------------------

Skill      XL: |  1  2  3  4  5  6 |
---------------+-------------------+-----
Transmutations | 2 3 |  3.1
Unarmed Combat | 3 4 |  4.7
Fighting       | 2 3 |  3.8
Poison Magic   | 1 |  1.0
Armour         | 1 |  1.6
Shields        | 1 |  1.7
Dodging        | |  1.7
Spellcasting   | |  2.5

Action                   |  1- 3 |  4- 6 || total
-------------------------+-------+-------++-------
Melee: Unarmed           |   119 |       ||   119
       Kick              |    22 |    21 ||    43
       Headbutt          |     9 |    15 ||    24
       Punch             |     1 |       ||     1
       Short sword       |     1 |   210 ||   211
 Cast: Beastly Appendage |    24 |    13 ||    37
       Wereblood         |       |     2 ||     2
  Use: Scroll            |     2 |     9 ||    11
       Potion            |       |     2 ||     2
Armor: Robe              |    20 |       ||    20
       Troll leather arm |    10 |   121 ||   131
Dodge: Dodged            |    58 |   110 ||   168
Block: Kite shield       |     6 |    89 ||    95

Vanquished Creatures
  A hound (D:4)
  An orc priest (D:3)
  A bullfrog skeleton (D:4)
  2 worker ants (D:4)
  5 orc wizards
  A hound zombie (Ossuary)
  A worker ant zombie (D:3)
  A howler monkey skeleton (D:4)
  2 adders
  An adder zombie (Ossuary)
  2 worms (D:2)
  3 dart slugs
  5 leopard geckos
  14 orcs
  2 ball pythons (D:3)
  2 giant cockroaches
  2 goblins
  4 hobgoblins
  8 jackals
  10 kobolds
  3 quokkas (D:4)
  6 bats
  7 frilled lizards
  A leopard gecko skeleton (D:3)
  A quokka skeleton (D:4)
  A quokka zombie (D:4)
  4 rats (D:1)
  2 rat zombies
93 creatures vanquished.

Vanquished Creatures (others)
  A withered plant (D:3)
1 creature vanquished.

Grand Total: 94 creatures vanquished
